 Dungeon Crawl Stone Soup version 0.24.0-123-gd5b16e6ec5 (webtiles) character file.

Game seed: 6703675191058308451, levelgen mode: deterministic

2430 Descartes the Covered (level 9, -9/69 HPs)
             Began as a Formicid Abyssal Knight on Jan 3, 2020.
             Was a Priest of Lugonu.
             Mangled by Prince Ribbit (10 damage)
             ... on level 6 of the Dungeon.
             The game lasted 00:12:14 (7273 turns).

Descartes the Covered (Formicid Abyssal Knight)     Turns: 7273, Time: 00:12:14

Health: -9/69      AC:  3    Str: 17    XL:     9   Next: 77%
Magic:  24/24      EV: 13    Int: 15    God:    Lugonu [***...]
Gold:   348        SH:  0    Dex: 12    Spells: 16/16 levels left

rFire    x . .     SeeInvis +   r - +1 falchion (elec)
rCold    + . .     Gourm    .   (no shield)
rNeg     . . .     Faith    .   b - +0 leather armour
rPois    .         Spirit   .   (helmet unavailable)
rElec    .         Reflect  .   (no cloak)
rCorr    .         Harm     .   (no gloves)
MR       +....                  (no boots)
Stlth    +++.......             (no amulet)
HPRegen  0.21/turn              k - ring of magical power
MPRegen  0.19/turn              C - ring of ice

@: no status effects
A: permanent stasis, dig shafts and tunnels, four strong arms, antennae 3, agile
1, magic resistance 1
a: Dig, Shaft Self, Depart the Abyss, Bend Space, Banish, Renounce Religion


You were on level 6 of the Dungeon.
You worshipped Lugonu.
Lugonu was most pleased with you.
You were not hungry.

You visited 2 branches of the dungeon, and saw 7 of its levels.
You visited the Abyss 1 time.

You collected 348 gold pieces.

Inventory:

Hand Weapons
 i - a +2 dagger of draining
 q - a +2 war axe of chopping
 r - a +1 falchion of electrocution (weapon)
Missiles
 e - 39 bolts
 f - 156 stones (quivered)
 g - 95 arrows
 m - 30 poisoned darts
 t - 13 boomerangs
 v - 43 sling bullets
Armour
 b - a +0 leather armour (worn)
 s - a +0 chain mail
 F - a +0 plate armour
Jewellery
 a - an uncursed ring of wizardry
 k - a ring of magical power (left hand)
 y - an uncursed ring of fire
 C - a ring of ice (right hand)
Wands
 h - a wand of flame (22)
 p - a wand of random effects (15)
Scrolls
 j - 7 scrolls of remove curse
 l - 2 scrolls of teleportation {unknown}
 n - 2 scrolls of amnesia {unknown}
 o - 6 scrolls of identify
 u - a scroll of magic mapping {unknown}
 B - 3 scrolls of immolation {unknown}
 E - a scroll of random uselessness {unknown}
Potions
 d - a potion of curing
 w - a potion of agility {unknown}
 x - 2 potions of heal wounds
 z - a potion of lignification {unknown}
 A - 2 potions of cancellation {unknown}
Comestibles
 c - 12 rations
 D - 5 chunks of flesh


   Skills:
 + Level 5.8 Fighting
 + Level 4.6 Long Blades
 * Level 6.9 Armour
 + Level 3.7 Dodging
 + Level 5.2 Stealth
 + Level 4.2 Spellcasting
 + Level 5.5 Invocations
 + Level 2.6 Evocations


You had 16 spell levels left.
You didn't know any spells.
Your spell library was empty.

Dungeon Overview and Level Annotations

Branches:
Dungeon (6/15)             Temple (1/1) D:6

Altars:
Ashenzari
Cheibriados
Elyvilon
Fedhas
Gozag
Hepliaklqana
Kikubaaqudgha
Makhleb
Nemelex Xobeh
Okawaru
Qazlal
Ru
Sif Muna
Trog
Uskayaw
Vehumet
Wu Jian
Xom
Yredelemnul
Zin
The Shining One

Annotations:
D:6 Prince Ribbit


Innate Abilities, Weirdness & Mutations

You cannot be hasted, slowed, berserked, paralysed or teleported.
You can dig through walls and to a lower floor.
Your four strong arms can wield two-handed weapons with a shield.
You have a pair of large antennae on your head. (SInv)
You are agile. (Dex +2)
You are resistant to hostile enchantments. (MR+)


Message History

Prince Ribbit is moderately wounded.
Prince Ribbit misses you.
You closely miss Prince Ribbit.
Prince Ribbit is moderately wounded.
Prince Ribbit hits you! x2
You are too injured to fight recklessly!
You are too injured to fight recklessly!
You miss Prince Ribbit.
Prince Ribbit is moderately wounded.
Prince Ribbit barely misses you.
You closely miss Prince Ribbit.
Prince Ribbit is moderately wounded.
Prince Ribbit hits you!
* * * LOW HITPOINT WARNING * * *
Prince Ribbit hits you!
* * * LOW HITPOINT WARNING * * *
You slash Prince Ribbit!
Prince Ribbit is heavily wounded.
Prince Ribbit hits you!
You die...

....#..# .......# ###
#####..######## ...
≈≈≈..#......... .. #
...≈..#.####.## .#.#
._.≈...#.# #.#
##.#.#### .######
...≈..#.##
#.###........ .......
≈≈≈..#.## #.##.........
....... #####.##
#.##.@..# #........
.....## #.##.#F##
#.#######
#.##.#######.##.#.####
#.# #...
#J#....................
..# #.##
....#####.##......#####
#.# #.## #.#.#
#.#####.### #.# #.##
#.#.# #.# #.# #.####...
.... #.# #.# #........
#.#.#####.#
#.#########.####..#


You could see Prince Ribbit.

Vanquished Creatures
  Grinder (D:4)
  Sigmund (D:6)
  An orc warrior (D:6)
  A phantom (D:5)
  5 ogres
  3 centaurs
  Blork the orc (D:4)
  3 bullfrogs (D:6)
  2 scorpions
  A bullfrog zombie (D:5)
  A crimson imp (D:5)
  5 hounds
  A bullfrog skeleton (D:4)
  2 orc priests (D:5)
  7 orc wizards
  Terence (D:3)
  3 iguanas
  3 worker ants
  A hound zombie (D:6)
  A hound skeleton (D:4)
  3 adders
  A howler monkey skeleton (D:5)
  3 oozes
  2 worms
  3 dart slugs
  10 leopard geckos
  14 orcs
  A ball python (D:3)
  5 bats
  5 giant cockroaches
  3 hobgoblins
  17 jackals
  2 quokkas
  4 frilled lizards
  3 goblins
  5 kobolds
  A leopard gecko skeleton (D:4)
  11 rats
137 creatures vanquished.

Vanquished Creatures (others)
  An orc wizard (D:3)
  An orc (D:3)
2 creatures vanquished.

Grand Total: 139 creatures vanquished

Notes
Turn   | Place    | Note
-------+----------+-------------------------------------------
     0 | Abyss:1  | Descartes the Formicid Abyssal Knight began the quest for
                  | the Orb.
     0 | Abyss:1  | Reached XP level 1. HP: 18/18 MP: 2/2
    21 | Abyss:1  | Noticed an air elemental
    27 | D:1      | Escaped the Abyss
   586 | D:1      | Reached XP level 2. HP: 19/24 MP: 3/3
   598 | D:1      | Reached skill level 1 in Dodging
  1194 | D:2      | Reached * piety under Lugonu
  1194 | D:2      | Reached XP level 3. HP: 29/29 MP: 4/4
  1750 | D:2      | Reached skill level 1 in Spellcasting
  1937 | D:2      | Reached XP level 4. HP: 37/37 MP: 5/5
  2675 | D:3      | Found a faded altar of an unknown god.
  2807 | D:3      | Reached ** piety under Lugonu
  2807 | D:3      | Reached skill level 1 in Stealth
  2836 | D:3      | Noticed Terence
  2854 | D:3      | Killed Terence
  2854 | D:3      | Reached skill level 3 in Armour
  2854 | D:3      | Reached XP level 5. HP: 18/42 MP: 7/7
  2855 | D:3      | Found a basalt altar of Yredelemnul.
  3315 | D:4      | Noticed an ogre
  3322 | D:4      | Killed an ogre
  3322 | D:4      | Reached XP level 6. HP: 29/48 MP: 8/8
  3538 | D:4      | Noticed Grinder
  3546 | D:4      | Gained mutation: Armour fits poorly on your strangely
                  | shaped body. [potion of mutation]
  3546 | D:4      | Gained mutation: You are agile. (Dex +2) [potion of
                  | mutation]
  3546 | D:4      | Lost mutation: Armour fits poorly on your strangely shaped
                  | body. [potion of mutation]
  3546 | D:4      | Gained mutation: You are resistant to hostile enchantments.
                  | (MR+) [potion of mutation]
  3562 | D:4      | Killed Grinder
  3562 | D:4      | Reached skill level 4 in Armour
  3562 | D:4      | Reached XP level 7. HP: 42/55 MP: 10/10
  3988 | D:4      | You fall into a shaft and drop 1 floor!
  3988 | D:5      | Entered Level 5 of the Dungeon
  4001 | D:5      | Reached XP level 8. HP: 28/61 MP: 12/12
  4277 | D:5      | Reached skill level 5 in Armour
  4416 | D:4      | Reached skill level 5 in Fighting
  4604 | D:4      | Reached *** piety under Lugonu
  4636 | D:4      | Noticed Blork the orc
  5183 | D:4      | Killed Blork the orc
  5516 | D:5      | Found a radiant altar of Vehumet.
  5516 | D:5      | Found a hazy altar of Hepliaklqana.
  5526 | D:5      | Found a sparkling altar of Nemelex Xobeh.
  5594 | D:5      | Reached skill level 1 in Evocations
  5634 | D:5      | Found an ornate altar of the Wu Jian Council.
  5934 | D:5      | Reached XP level 9. HP: 68/68 MP: 14/14
  6095 | D:6      | Found a blossoming altar of Fedhas.
  6122 | D:6      | Reached skill level 6 in Armour
  6351 | D:6      | Noticed Prince Ribbit
  6385 | D:6      | Reached skill level 5 in Invocations
  6827 | D:6      | Found a staircase to the Ecumenical Temple.
  6832 | Temple   | Entered the Ecumenical Temple
  6837 | D:6      | Noticed Sigmund
  6880 | D:6      | Killed Sigmund
  6880 | D:6      | Reached skill level 5 in Stealth
  6891 | D:6      | Reached **** piety under Lugonu
  6897 | D:6      | Found a sacrificial altar of Ru.
  7272 | D:6      | HP: 1/69 [Prince Ribbit (17)]
  7273 | D:6      | Mangled by Prince Ribbit

Levels and vault maps discovered:
D:1:      dpeg_arrival_concentric_ovals, layout_basic, minmay_misc_feat_pillars
D:2:      layout_basic
D:3:      layout_rooms, lemuel_doored_altar, first_ration,
          chequers_ecumenical_altar_simple_redux, lemuel_flame_loot_1,
          uniq_terence
D:4:      layout_cave_pools, chequers_serial_rivers_small_a, uniq_grinder,
          uniq_blork_the_orc
D:5:      layout_rooms, gammafunk_temple_overflow_elements,
          overflow_temple_1_default, basic_altar
D:6:      minmay_opposing_rooms, layout_loops_ring, nicolae_ru_awakened_eye,
          fedhas_altar_1, hangedman_decor_lopped, uniq_prince_ribbit1,
          uniq_sigmund, uniq_edmund
Temple:   nicolae_temple_no_exploring_needed

Skill      XL: |  1  2  3  4  5  6  7  8  9 |
---------------+----------------------------+-----
Dodging        | 1 2 3 |  3.7
Spellcasting   | 1 2 3 4 |  4.2
Stealth        | 1 2 3 4 5 |  5.2
Fighting       | 4 5 |  5.8
Armour         | 3 4 5 6 |  6.9
Invocations    | 3 4 5 |  5.5
Long Blades    | 3 4 |  4.6
Evocations     | 1 2 |  2.6

Action                   |  1- 3 |  4- 6 |  7- 9 || total
-------------------------+-------+-------+-------++-------
Melee: Falchion          |    87 |    97 |   228 ||   412
Invok: Depart the Abyss  |     1 |       |       ||     1
 Abil: Dig               |       |       |     2 ||     2
  Use: Scroll            |     2 |       |       ||     2
       Potion            |       |     3 |     1 ||     4
 Stab: Sleeping          |       |       |     4 ||     4
       Distracted        |       |       |     1 ||     1
  Eat: Chunk             |     3 |     5 |    13 ||    21
Armor: Leather armour    |    19 |    31 |    42 ||    92
Dodge: Dodged            |    63 |   100 |   177 ||   340
       Rpst.: Falchion   |    23 |    36 |    56 ||   115
